 Dungeon Crawl Stone Soup version 0.30.0-20-g3b4254fcbd (webtiles) character file.

Game seed: 4311295853611829681

2123 Revguard the Chopper (level 9, -1/74 HPs)
             Began as a Ghoul Gladiator on June 2, 2023.
             Was a Follower of Kikubaaqudgha.
             Slain by a cyclops (11 damage)
             ... on level 7 of the Dungeon.
             The game lasted 00:19:23 (5468 turns).

Revguard the Chopper (Ghoul Gladiator)              Turns: 5468, Time: 00:19:24

Health: -1/74      AC: 12    Str: 18    XL:     9   Next: 29%
Magic:  8/11       EV: 10    Int:  8    God:    Kikubaaqudgha [*.....]
Gold:   300        SH:  0    Dex: 12    Spells: 0/12 levels left

rFire   + + .        u - +1 broad axe
rCold   . . .        (no shield)
rNeg    + + +        o - +0 fire dragon scales
rPois   ∞            k - +2 helmet of the Everdark {rCorr Int+3}
rElec   .            (no cloak)
rCorr   +            (no gloves)
SInv    .            (no boots)
Will    .....        w - amulet of magic regeneration Stlth
                     (no ring)
HPRegen 0.00/turn    (no ring)
MPRegen 0.52/turn

%: no passive effects
@: very slightly contaminated, inhibited regen
A: claws 1, cold resistance 1, negative energy resistance 3, inhibited
regeneration, torment resistance 2, devour on kill
a: Renounce Religion, Unearth Wretches


You were on level 7 of the Dungeon.
You worshipped Kikubaaqudgha.
Kikubaaqudgha was aware of your devotion.
You visited 2 branches of the dungeon, and saw 8 of its levels.

You collected 300 gold pieces.

Inventory:

Hand Weapons
 a - a +1 war axe
 u - a +1 broad axe (weapon)
Missiles
 d - 2 throwing nets
 e - a javelin
Armour
 b - a +0 leather armour
 c - a +0 helmet
 k - the +2 helmet of the Everdark (worn) {rCorr Int+3}
   (You found it on level 2 of the Dungeon)

   Int:       It affects your intelligence (+3).
   rCorr:     It protects you from acid and corrosion.
 o - +0 fire dragon scales (worn)
Jewellery
 w - an amulet of magic regeneration (around neck)
Wands
 l - a wand of digging (7)
 r - a wand of paralysis (6)
Scrolls
 m - 2 scrolls of torment
 n - a scroll of fear
 q - a scroll of magic mapping
 t - a scroll of silence
 v - a scroll of teleportation
 x - a scroll of identify
Potions
 f - a potion of cancellation
 g - 2 potions of berserk rage
 h - a potion of haste
 i - a potion of attraction
 j - a potion of magic
 p - a potion of curing
 z - a potion of resistance


   Skills:
 + Level 5.1 Fighting
 * Level 5.9 Axes
 - Level 1.7 Throwing
 + Level 3.5 Armour
 + Level 4.4 Dodging
 + Level 4.1 Unarmed Combat
 + Level 2.3 Spellcasting
 + Level 2.7 Necromancy
 - Level 2.7 Invocations
 + Level 3.4 Evocations


You couldn't memorise any spells.
You knew the following spells:

 Your Spells              Type           Power      Damage    Failure   Level
a - Necrotise             Necr           20%        1d5       41%         1
b - Vampiric Draining     Necr           5%         2d6       80%         3
c - Agony                 Necr           5%         N/A       100%        5
d - Kiss of Death         Conj/Necr      12%        2d6       61%         1
e - Cigotuvi's Dreadful   Necr/Pois/Air  4%         N/A       82%         2

Your spell library contained the following spells:

 Spells                   Type           Power      Damage    Failure   Level
 Ignite Poison            Fire/Tmut/Pois 0%         N/A       99%         3
 Inner Flame              Hex/Fire       0%         N/A       99%         3
 Flame Wave               Conj/Fire      0%         2d4       100%        4
 Sticky Flame             Conj/Fire      0%         2d3       100%        4
 Fireball                 Conj/Fire      0%         3d3       100%        5
 Iskenderun's Battlesphe  Conj           0%         2d6       100%        5
 Conjure Ball Lightning   Conj/Air       0%         3x3d6     100%        6
 Malign Gateway           Summ/Tloc      0%         N/A       100%        7
 Orb of Destruction       Conj           0%         9d5       100%        7
 Ignition                 Fire           0%         3d3       100%        8
 Summon Horrible Things   Summ           0%         N/A       100%        8


Dungeon Overview and Level Annotations

Branches:
Dungeon (7/15)             Temple (1/1) D:5

Altars:
Ashenzari
Dithmenos
Fedhas
Hepliaklqana
Kikubaaqudgha
Makhleb
Nemelex Xobeh
Qazlal
Trog
Uskayaw
Yredelemnul


Innate Abilities, Weirdness & Mutations

You are immune to poison.
You have sharp fingernails.
Your flesh is cold resistant. (rC+)
You are immune to negative energy. (rN+++)
You do not regenerate when monsters are visible.
You are immune to unholy pain and torment.
You thrive by killing the living.


Message History

Aiming: Necrotise (safe; 41% risk of failure)
Press: ? - help, Shift-Dir - straight line, f/p - cyclops
Aim: a cyclops, quivering large rocks (almost dead, paralysed, chance to affect: 32%)
The cyclops easily resists.
The cyclops is no longer paralysed.
The cyclops barely misses you.
Casting: Necrotise (safe; 41% risk of failure)
Confirm with . or Enter, or press ? or * to list all spells.
Aiming: Necrotise (safe; 41% risk of failure)
Press: ? - help, Shift-Dir - straight line, f/p - cyclops
Aim: a cyclops, quivering large rocks (almost dead, chance to affect: 32%)
The cyclops easily resists.
The cyclops barely misses you.
Casting: Necrotise (safe; 41% risk of failure)
Confirm with . or Enter, or press ? or * to list all spells.
Aiming: Necrotise (safe; 41% risk of failure)
Press: ? - help, Shift-Dir - straight line, f/p - cyclops
Aim: a cyclops, quivering large rocks (almost dead, chance to affect: 32%)
The cyclops easily resists.
Casting: Necrotise (safe; 41% risk of failure)
Confirm with . or Enter, or press ? or * to list all spells.
Aiming: Necrotise (safe; 41% risk of failure)
Press: ? - help, Shift-Dir - straight line, f/p - cyclops
Aim: a cyclops, quivering large rocks (almost dead, chance to affect: 32%)
The cyclops easily resists.
The cyclops completely misses you.
The orc priest calls down the wrath of Beogh upon you.
Beogh smites you!
* * * LOW HITPOINT WARNING * * *
You feel much better.
The orc priest calls down the wrath of Beogh upon you.
Beogh smites you!
The orc priest looks satisfied for a moment.
The cyclops hits you!
* * * LOW HITPOINT WARNING * * *
You hit the cyclops.
The cyclops is almost dead.
The orc priest invokes the aid of Beogh against you.
Beogh smites you!
* * * LOW HITPOINT WARNING * * *
The cyclops hits you!
You die...
Kikubaaqudgha rasps: "You have failed me!
Welcome... oblivion!"

..... .....
.... ##+#...
#..o.#
#.oo.##
#######ooo..#
#....@Coz#
##.#######
#.# #)# #.#
#.# #.# #.#
#.#


You could see a cyclops, a wight, 3 orc priests and 4 orcs.

Vanquished Creatures
  Grinder (D:3)
  Sigmund (D:6)
  A sky beast (D:6)
  2 black bears (D:6)
  2 ice beasts
  An ogre (D:4)
  2 phantoms
  6 scorpions
  4 wights (D:6)
  A howler monkey (D:5)
  3 hounds
  A gnoll bouda (D:5)
  A jelly (D:5)
  A sleepcap (D:5)
  2 iguanas (D:6)
  2 ogre zombies (D:6)
  Robin (D:3)
  3 gnolls (D:5)
  6 adders
  A shadow imp (D:5)
  A worm (D:2)
  2 dart slugs
  8 orcs
  9 ball pythons
  6 bats
  6 endoplasms
  6 giant cockroaches
  12 goblins
  10 hobgoblins
  2 jackals (D:2)
  10 kobolds
  A quokka (D:2)
  4 frilled lizards
  8 rats
127 creatures vanquished.

Notes
Turn   | Place    | Note
-------+----------+-------------------------------------------
     0 | D:1      | Revguard the Ghoul Gladiator began the quest for the Orb.
     0 | D:1      | Reached XP level 1. HP: 17/17 MP: 0/0
     6 | D:1      | Noticed a killer bee
     6 | D:1      | Noticed a black bear
     6 | D:1      | Noticed a rime drake
     7 | D:1      | Noticed a hog
     7 | D:1      | Noticed a salamander
   116 | D:1      | Reached XP level 2. HP: 24/24 MP: 1/1
   363 | D:1      | Reached XP level 3. HP: 30/30 MP: 2/2
   370 | D:1      | Reached skill level 1 in Invocations
   673 | D:2      | Identified the +2 helmet of the Everdark {rCorr Int+3}
   708 | D:2      | Reached skill level 1 in Armour
   754 | D:2      | Reached XP level 4. HP: 29/37 MP: 3/3
   778 | D:2      | Reached skill level 1 in Unarmed Combat
  1641 | D:3      | Noticed Robin
  1650 | D:3      | Killed Robin
  1659 | D:3      | Reached skill level 1 in Evocations
  1662 | D:3      | Reached XP level 5. HP: 39/44 MP: 5/5
  1762 | D:3      | Noticed Grinder
  1771 | D:3      | Paralysed by Grinder for 2 turns
  1775 | D:3      | Killed Grinder
  1776 | D:3      | Reached XP level 6. HP: 45/51 MP: 6/6
  1822 | D:3      | Found a blossoming altar of Fedhas.
  2408 | D:4      | Reached XP level 7. HP: 57/57 MP: 7/7
  2562 | D:4      | Found an ancient bone altar of Kikubaaqudgha.
  2575 | D:4      | Found a hide-covered altar of Uskayaw.
  2653 | D:4      | Became a worshipper of Kikubaaqudgha
  2904 | D:4      | Learned a level 1 spell: Necrotise
  2908 | D:4      | Learned a level 3 spell: Vampiric Draining
  2927 | D:5      | Entered Level 5 of the Dungeon
  3103 | D:5      | Reached skill level 1 in Necromancy
  3191 | D:5      | Found a staircase to the Ecumenical Temple.
  3205 | D:5      | Reached XP level 8. HP: 33/66 MP: 9/9
  3218 | Temple   | Entered the Ecumenical Temple
  3656 | D:5      | Reached skill level 1 in Spellcasting
  3748 | D:5      | Reached skill level 5 in Axes
  4078 | D:6      | Learned a level 5 spell: Agony
  4095 | D:6      | Found a transporter.
  4311 | D:6      | Reached * piety under Kikubaaqudgha
  4311 | D:6      | Received a gift from Kikubaaqudgha
  4316 | D:6      | Learned a level 1 spell: Kiss of Death
  4609 | D:6      | Reached XP level 9. HP: 55/73 MP: 11/11
  4610 | D:6      | Found a burning altar of Makhleb.
  4634 | D:6      | Learned a level 2 spell: Cigotuvi's Dreadful Rot
  4854 | D:6      | Noticed Sigmund
  4867 | D:6      | Killed Sigmund
  4868 | D:6      | Reached skill level 5 in Fighting
  4956 | D:6      | Found a transporter.
  5432 | D:7      | Noticed a cyclops
  5468 | D:7      | Slain by a cyclops

Illustrated notes

Levels and vault maps discovered:
D:1:      onia_arrival_zoo_common, layout_rooms, minmay_indecisive_spiral
D:2:      layout_basic, basic_altar
D:3:      layout_loops_ring, overflow_temple_1_default, uniq_grinder, uniq_robin
D:4:      layout_cave_pools, kennysheep_little_box, mainiacjoe_overflow_alcove_2
D:5:      layout_basic, lemuel_round_altar, minmay_temple_entry_glass
D:6:      gammafunk_cloud_chamber, layout_loops_corners,
          mainiacjoe_overflow_boulevard, minmay_liquid_box,
          nicolae_concentric_dashed_squares_wild, grunt_ministairs_2,
          uniq_sigmund
D:7:      layout_basic, nicolae_ru_the_path_less_chosen, grunt_gozag_statues,
          mainiacjoe_overflow_small_starburst, uniq_menkaure,
          uniq_prince_ribbit1
Temple:   hellmonk_temple_forest_ring

Skill      XL: |  1  2  3  4  5  6  7  8  9 |
---------------+----------------------------+-----
Invocations    | 1 2 |  2.7
Axes           | 3 4 5 |  5.9
Armour         | 1 2 3 |  3.5
Unarmed Combat | 1 2 3 4 |  4.1
Evocations     | 1 2 3 |  3.4
Dodging        | 3 4 |  4.4
Fighting       | 3 4 5 |  5.1
Necromancy     | 1 2 |  2.7
Spellcasting   | 2 |  2.3
Throwing       | |  1.7

Action                     |  1- 3 |  4- 6 |  7- 9 || total
---------------------------+-------+-------+-------++-------
  Melee: War axe           |    79 |   145 |   117 ||   341
         Punch             |       |     2 |     9 ||    11
         Broad axe         |       |       |   101 ||   101
  Throw: Throwing net      |       |       |     1 ||     1
   Cast: Necrotise         |       |       |     8 ||     8
  Evoke: Wand              |       |       |     1 ||     1
    Use: Scroll            |       |     2 |    11 ||    13
         Potion            |       |     2 |     3 ||     5
   Stab: Paralysed         |       |       |     7 ||     7
 Armour: Leather armour    |    39 |    26 |       ||    65
         Fire dragon scale |       |    68 |   143 ||   211
  Dodge: Dodged            |    73 |   107 |   142 ||   322
